[Event "87th Spanish Championship 2022"]
[Site "Linares"]
[Date "2022.08.13"]
[Round "4.6"]
[White "Moreno Ruiz, Javier"]
[Black "Cuenca Jimenez, Jose Fernando"]
[Result "0-1"]
[ECO "E43"]
[WhiteElo "2428"]
[BlackElo "2552"]
[Annotator "TA"]
[PlyCount "84"]
[EventDate "2022.08.11"]
[EventType "swiss"]
[EventCountry "ESP"]
[SourceTitle "playchess.com"]
[Source "ChessBase"]
[SourceQuality "1"]
[TimeControl "5400+30"]

1. d4 Nf6 2. c4 e6 3. Nc3 Bb4 4. e3 b6 5. Bd2 Bb7 6. Nf3 O-O 7. Bd3 d5 8. cxd5 exd5 9. Rc1 a6 10. O-O Bd6 11. Ne5 {[%emt 0:00:53] E52: Nimzo-Indian: Rubinstein: 4...0-0 5 Nf3 d5 6 Bd3 b6.} c5 12. f4 Nc6 13. Ng4 {[%emt 0:01:34] White has an edge. 13.Ng4 scores better than 13.Ne2.} Be7 (13... Nxg4 {seems wilder.} 14. Qxg4 c4 15. Bb1 Nb4) 14. Nxf6+ Bxf6 15. dxc5 (15. Qh5 g6 16. Qf3 Nb4 $15) 15... bxc5 (15... Nb4 16. Bb1 $16) 16. b3 (16. Qh5 g6 17. Qh3 (17. Qxd5 $2 Bxc3 18. Qxd8 Rfxd8 $19) 17... Re8 $15) 16... Nb4 17. Bb1 a5 18. a3 (18. Qh5 g6 19. Qg4 Rc8 $15) 18... Na6 19. Na4 $40 {[%emt 0:02:38][%mdl 128] [#] White is up to no good.} c4 $146 (19... Re8 $11) ({Predecessor:} 19... Rc8 20. Qe2 Rc6 21. Rfd1 Qe7 22. Bxa5 Re6 23. Bd2 g6 24. Qb5 d4 25. e4 Rxe4 26. Bxe4 Qxe4 {1-0 (43) Mis,M (2366)-Czopor,M (2239) Szklarska Poreba 2021}) 20. Bc3 Re8 21. Bd4 (21. bxc4 $14 {might be stronger.} Bxc3 22. Rxc3) 21... Qe7 22. Rf3 (22. bxc4 $14 Bxd4 23. exd4) 22... g6 (22... Qxa3 23. Bxf6 gxf6 24. Bxh7+ Kf8 25. Rb1 $14 (25. bxc4 Rxe3 26. Ra1 Qe7 $14)) (22... Bxd4 $11 23. exd4 Qf6) 23. f5 $14 Bxd4 24. Qxd4 {[%emt 0:06:46] And now Rh3 would win.} Bc6 $2 (24... Qxa3 25. Rcf1 Rf8 26. Rg3 $18) (24... cxb3 $11 25. Rcf1 Nc7) 25. Rcf1 ({Don't do} 25. fxg6 $6 hxg6 26. Nb6 (26. Rh3 Qe5 $15) 26... Rad8 $16) 25... Bxa4 $2 (25... Rad8) 26. fxg6 $18 ({Weaker is} 26. bxa4 Qc5 $16) 26... fxg6 27. Qxd5+ ({Less strong is} 27. bxa4 Rad8 $11) 27... Kh8 28. Qxc4 (28. bxa4 $18 {is the precise move to win.} Qc5 29. Qf7) 28... Bd7 $16 {[%emt 0:02:43] [#]} 29. Qd4+ ({White should try} 29. Bxg6 $1 $16 hxg6 (29... Rec8 30. Qd4+) 30. Rf7 Qxe3+ 31. Kh1) 29... Kg8 $14 {[%emt 0:00:56] ...Nc5 is the strong threat.} 30. Rf7 {[%emt 0:00:30][%csl Gf7][%cal Rd4g7][%mdl 64] Skewer} Qxe3+ 31. Qxe3 Rxe3 32. Rxd7 Nc5 {[%emt 0:00:26] Prevents Bd3.} 33. Rc7 Nxb3 34. a4 ({Better is} 34. Ba2 $16 {Hoping for a4.} a4 35. Rb7) 34... Rf8 35. Ba2 {[%emt 0:02:02] aiming for Rb7.} Rxf1+ $1 36. Kxf1 $11 {[%emt 0:00:04][%mdl 4096] Endgame KRB-KRN} Kh8 37. Kf2 Rd3 {[%emt 0:00:03] Strongly threatening ...Rd2+.} 38. Ke2 (38. Rc2 $11 {and White stays safe.} Nd4 39. Bc4) 38... Rd2+ $19 {[%emt 0:00:03] Black is clearly winning.} 39. Ke3 Rxa2 40. Rc3 Na1 41. Kd4 Rxa4+ 42. Ke5 Kg7 {[%emt 0:00:49] Never resign too early!  Weighted Error Value: White=0.63/Black=0.44} 0-1

[Event "87th Spanish Championship 2022"]
[Site "Linares"]
[Date "2022.08.13"]
[Round "4.7"]
[White "Vega Gutierrez, Sabrina"]
[Black "Asis Gargatagli, Hipolito"]
[Result "1/2-1/2"]
[ECO "C70"]
[WhiteElo "2366"]
[BlackElo "2514"]
[Annotator "TA"]
[PlyCount "119"]
[EventDate "2022.08.11"]
[EventType "swiss"]
[EventCountry "ESP"]
[SourceTitle "playchess.com"]
[Source "ChessBase"]
[SourceQuality "1"]
[TimeControl "5400+30"]

1. e4 e5 2. Nf3 Nc6 3. Bb5 a6 4. Ba4 Bc5 5. c3 Nge7 6. d4 {[%emt 0:04:56] C70: Ruy Lopez: 3...a6 4 Ba4, Norwegian and Delayed Schliemann.} exd4 7. cxd4 Bb4+ 8. Nc3 {[%emt 0:03:31] White is slightly better.} d5 9. exd5 Qxd5 10. O-O Bxc3 11. bxc3 Bg4 $1 12. Bxc6+ Qxc6 {[%emt 0:17:37] [#]} 13. Ba3 $146 {[%emt 0:04:44] [#] Strongly threatening Re1.} (13. Re1 {seems wilder.} Bxf3 14. gxf3 Kd7 15. d5) ({Predecessor:} 13. Ne5 Bxd1 14. Nxc6 Nxc6 15. Rxd1 O-O-O 16. Re1 Rhe8 17. Bf4 Na5 18. h4 Nc4 19. Kf1 f6 20. g4 b5 21. f3 {½-½ (21) Castillo,G (1842)-Roberts,E (2105) IECG email 2002}) 13... Bxf3 14. gxf3 {[%emt 0:00:07] aiming for Re1.} Kd7 ({Not} 14... Qxc3 15. Bc5 $16) (14... Nf5 $5 15. Re1+ Kd8 $11) 15. Bxe7 (15. d5 $5 Qf6 16. Bxe7 Qxe7 17. Qa4+ Kc8 18. Qg4+ Kb8 19. Qxg7 $14) 15... Kxe7 16. Re1+ Kf8 17. d5 Qc5 18. Qb3 b6 19. Qb4 Qxb4 20. cxb4 $11 {[%emt 0:00:02][%mdl 4096] Endgame KRR-KRR} Rd8 21. Rac1 Rd7 22. Re3 Rxd5 23. Rxc7 {[%emt 0:00:10] [#] White threatens Rc8+ and mate.} g6 24. Rc6 Rb5 25. Re4 Kg7 26. a4 Rg5+ 27. Rg4 Rxg4+ 28. fxg4 {[%emt 0:00:03] KR-KR} Rb8 29. a5 bxa5 30. bxa5 Rb4 31. h3 Rb3 32. Kg2 Ra3 33. Rxa6 {[%emt 0:00:04] Black must now prevent h4.} h5 34. g5 h4 $1 35. Ra8 Kh7 $2 (35... Rb3 $11 36. a6 Ra3) 36. a6 $18 Ra5 37. f4 (37. Kf3 $18) 37... Ra3 $1 $11 {[%emt 0:00:03] The position is equal.} 38. a7 Kg7 39. Kf2 Kh7 40. Ke2 Kg7 41. Kd2 Kh7 42. Kc2 Kg7 43. Kb2 Ra6 44. Kb3 Rb6+ 45. Kc4 {[%emt 0:00:10] Intending Re8 and mate.} Ra6 46. Kd5 Ra1 47. Ke5 Ra4 48. Kd5 Ra1 49. Ke4 Ra3 $1 50. Kd5 Ra4 51. Kc6 Ra1 52. Kd6 Ra3 53. f5 gxf5 54. Ke5 Ra5+ $1 55. Kf4 Kh7 $1 56. Re8 Rxa7 57. Kxf5 Ra3 58. Kg4 Kg6 59. Rg8+ Kh7 60. Re8 {[%emt 0:00:07] Weighted Error Value: White=0.07 (flawless) /Black=0.11 (very precise)} 1/2-1/2

[Event "87th Spanish Championship 2022"]
[Site "Linares"]
[Date "2022.08.13"]
[Round "4.8"]
[White "Lopez Varela, Pablo"]
[Black "Garriga Cazorla, Pere"]
[Result "0-1"]
[ECO "B51"]
[WhiteElo "2158"]
[BlackElo "2505"]
[Annotator "TA"]
[PlyCount "100"]
[EventDate "2022.08.11"]
[EventType "swiss"]
[EventCountry "ESP"]
[SourceTitle "playchess.com"]
[Source "ChessBase"]
[SourceQuality "1"]
[TimeControl "5400+30"]

1. e4 c5 2. Nf3 d6 3. Bb5+ Nd7 4. a4 Ngf6 5. Nc3 a6 (5... e6 {feels hotter.} 6. d4 cxd4 7. Qxd4 a6) 6. Be2 {[%emt 0:00:12] B51: Sicilian: Moscow Variation (3 Bb5+) without 3...Bd7.} g6 7. a5 Bg7 8. O-O {[%emt 0:00:07] White is slightly better.} O-O 9. Re1 b5 10. axb6 $1 Nxb6 {[%emt 0:00:07] [#]} 11. d4 $146 ({Predecessor:} 11. d3 Bb7 12. Bg5 c4 13. dxc4 Nxe4 14. Nxe4 Bxe4 15. Bd3 Bxf3 16. Qxf3 Re8 17. Be4 {½-½ (59) Blohberger,F (2475)-Morgunov,M (2393) Graz 2021}) 11... cxd4 12. Nxd4 Bb7 {[%emt 0:00:45][%cal Bc8b7,Bb7d5,Bd5c4,Bc4b5][%mdl 32] Prevents Nc6.} 13. Bf1 Qc7 14. Nb3 d5 15. exd5 Nfxd5 16. Nxd5 Bxd5 17. Na5 e6 18. c3 Rfb8 19. Be3 Nc4 $1 20. Bxc4 Bxc4 21. Ra4 Bb5 {[%emt 0:02:41] This bishop pair is nice.} 22. Ra3 Rd8 23. Qf3 Rac8 24. h4 h6 ({Black should play} 24... Rd5 $15) 25. Nb3 (25. c4 $11 Bc6 26. Nxc6 Qxc6 27. Qxc6 Rxc6 28. b3) 25... Bc4 26. Nc5 Bd5 27. Qe2 Qe7 (27... a5 $15) 28. h5 $2 {[%emt 0:08:52] Black keeps a firm grip on the game.} (28. c4 $11 Ba8 29. h5) 28... Rxc5 $19 29. Bxc5 Qxc5 30. hxg6 fxg6 31. Qxa6 (31. Qc2 {keeps fighting.}) 31... Rf8 32. Qe2 Rf5 {[%emt 0:02:42] [#] ...Rg5 is the strong threat. Chess con chili.} 33. Qe3 (33. Ra4 $142) 33... Qc6 {[%emt 0:02:31] Threatens to win with ...Re5.} 34. f3 Re5 35. Qf2 Rg5 36. Re3 Bf8 37. b4 {[%emt 0:00:07] Against Bc5} Bd6 38. Ra7 Bc7 39. Rxc7 Qxc7 40. Qh4 Rh5 41. Qf6 Qh2+ ({Stronger than} 41... Qg3 42. Qd8+ Kh7 43. Qe7+ Kh8 44. Qf8+ Kh7 45. Qf7+ Kh8 46. Qf8+ Kh7 47. Qf7+ Kh8 48. Qf8+ $11) 42. Kf2 {[%emt 0:00:50] [#]} Qh4+ ({And not} 42... Rg5 43. Qd8+ Kf7 44. Qd7+ Kg8 45. Qd8+ Kf7 46. Qd7+ Kg8 47. Qd8+ $11) 43. Qxh4 Rxh4 {[%emt 0:00:03][%mdl 4096] Endgame KRB-KR} 44. Re2 Rc4 45. Rc2 Kf7 46. Ke3 Kf6 47. Kd3 Ke5 48. b5 Kd6 49. b6 Kc6 50. Rb2 {[%emt 0:00:12] Hoping for b7.} Kb7 {[%emt 0:00:05] Weighted Error Value: White=0.29 (precise) /Black=0.11 (very precise)} 0-1

[Event "87th Spanish Championship 2022"]
[Site "Linares"]
[Date "2022.08.13"]
[Round "4.9"]
[White "Narciso Dublan, Marc"]
[Black "Macias Pino, Diego"]
[Result "1/2-1/2"]
[ECO "A45"]
[WhiteElo "2461"]
[BlackElo "2355"]
[Annotator "TA"]
[PlyCount "54"]
[EventDate "2022.08.11"]
[EventType "swiss"]
[EventCountry "ESP"]
[SourceTitle "playchess.com"]
[Source "ChessBase"]
[SourceQuality "1"]
[TimeControl "5400+30"]

1. d4 Nf6 2. Bg5 d5 3. e3 c5 4. Bxf6 gxf6 5. dxc5 e6 6. Nf3 {[%emt 0:00:35] D00: 1 d4 d5: Unusual lines.} Bxc5 7. Be2 Nc6 8. O-O {[%emt 0:00:13] [#]} Qc7 $146 ({Predecessor:} 8... O-O 9. c4 dxc4 10. Qa4 f5 11. Qxc4 Bb6 12. Nc3 Qf6 13. Rfd1 Rd8 14. Rxd8+ Qxd8 {½-½ (46) Swiercz,D (2665)-Vidit,S (2723) Chess.com INT 2022}) 9. c4 dxc4 10. Qa4 Bd7 11. Qxc4 Bd6 12. Nc3 Ne5 {[%emt 0:03:46] [#]} 13. Qh4 {[%emt 0:01:58] Strongly threatening Ne4.} f5 {[%emt 0:10:32] Inhibits Ne4.} 14. Rac1 Qb6 15. Rfd1 {[%emt 0:28:50] Hoping for Nxe5.} Ng6 16. Qd4 Qxd4 17. Nxd4 Ke7 18. Ncb5 {[%emt 0:09:23] Pair of Knights!} Be5 19. f4 Bxd4 20. Nxd4 {[%emt 0:05:01] [#] Black must now prevent Rc7. The position is equal.} Rac8 {[%emt 0:02:45] Inhibits Rc7.} 21. Bf3 Nh4 22. Bxb7 Rxc1 23. Rxc1 {[%emt 0:00:03] aiming for b3.} Rb8 24. Nc6+ ({But not} 24. Rc7 Kd6 25. Rxd7+ Kxd7 26. Bc6+ Kd6 $17) 24... Bxc6 25. Bxc6 Rxb2 26. g3 Ng6 27. a4 Kf6 {[%emt 0:01:08] Weighted Error Value: White=0.05 (flawless) /Black=0.06 (flawless)} 1/2-1/2

[Event "87th Spanish Championship 2022"]
[Site "Linares"]
[Date "2022.08.13"]
[Round "4.10"]
[White "Garcia Martin, Marta"]
[Black "Plazuelo Pascual, Juan"]
[Result "1-0"]
[ECO "B23"]
[WhiteElo "2305"]
[BlackElo "2448"]
[Annotator "TA"]
[PlyCount "79"]
[EventDate "2022.08.11"]
[EventType "swiss"]
[EventCountry "ESP"]
[SourceTitle "playchess.com"]
[Source "ChessBase"]
[SourceQuality "1"]
[TimeControl "5400+30"]

1. e4 c5 2. Nc3 d6 3. d4 cxd4 4. Qxd4 Nc6 5. Qd2 g6 6. b3 {[%emt 0:02:05] B23: Closed Sicilian: Lines without g3.} Bh6 7. f4 Nf6 8. Bb2 {[%emt 0:00:20] The position is equal.} O-O 9. O-O-O e5 10. g3 Bg4 11. Be2 {[%emt 0:05:32] [#]} Qc8 $146 ({Predecessor:} 11... Be6 12. Kb1 Rc8 13. Nf3 a6 14. Qe1 Qc7 15. Bd3 Bg4 16. Rf1 Nd4 17. Nxd4 exd4 {½-½ (45) Xu,X (2582)-Sasikiran,K (2656) Moscow 2019}) 12. Nf3 (12. Qxd6 Bg7 $14) 12... Re8 13. h3 (13. Qxd6 Qd8 $11) 13... Bxf3 14. Bxf3 Nd4 15. Bg2 Qc6 16. Kb1 Rac8 17. Qf2 b5 18. Rd2 ({White should try} 18. Rhf1 $14 b4 19. fxe5 bxc3 20. Rxd4 cxb2 21. Rc4) 18... b4 $15 19. Nd5 Nxd5 20. exd5 Qc7 (20... Qc5 $15) 21. Bf1 $1 $11 (21. Bxd4 exd4 22. Rd3 (22. Rxd4 $2 Bg7 $17) 22... Re3 $15) 21... Bg7 22. Bc4 Nf5 {[%emt 0:00:06] aiming for ...e4.} 23. g4 e4 $1 24. Re2 ({Of course not} 24. gxf5 e3 25. Qh2 exd2 26. Qxd2 Bxb2 27. Kxb2 Qe7 28. fxg6 fxg6 29. Qxb4 Qe4 $17) 24... Bxb2 (24... e3 $14 25. Qe1 Nd4) 25. Kxb2 $16 Ng7 26. f5 {[%emt 0:09:34] f6 is the strong threat.} gxf5 27. gxf5 {[%emt 0:00:04] Black must now prevent f6.} Qe7 (27... Qa5 $2 28. f6 Nh5 29. Qh4 $18) (27... Qc5 $16) 28. f6 $18 {[%emt 0:01:44] Active counter play!} Qe5+ 29. Kb1 {[%emt 0:00:03] Hoping for Rg1.} Nh5 {[%emt 0:01:10] [#]} 30. Qh4 {[%emt 0:01:26] Chess con chili.} (30. Rhe1 $1 $18 Qxf6 31. Qxa7) 30... Kh8 $14 (30... Nxf6 $2 31. Rf1 Nh5 32. Rg2+ (32. Rxe4 Qxe4 33. Qxh5 Qg6 $15) 32... Kh8 33. Rg5 $18) 31. Rhe1 Ng3 {[%emt 0:04:14] [#]} (31... Nxf6 $2 32. Rf2 Nh5 33. Rxf7 $18) 32. Rg2 $40 {[%emt 0:03:43][%mdl 128] White mounts an attack.} (32. Re3 $1 $16 Rg8 33. Bd3) 32... Rg8 {[%emt 0:00:01] Strongly threatening ...Rg6.} 33. Bd3 Qc3 $2 {[%emt 0:01:32][%mdl 8192] This move loses the game for Black.} (33... Rg6 $11) 34. Rxe4 $18 {[%emt 0:00:21][%cal Oh4h7] Threatening mate with Qxh7+!} Nxe4 35. Bxe4 ({Inferior is} 35. Qxe4 Rg6 36. Rxg6 hxg6 $11) 35... Rg6 36. Rxg6 fxg6 37. Bxg6 Qc7 38. f7 Kg7 39. Qxh7+ Kf6 40. f8=Q+ {Weighted Error Value: White=0.17 (very precise) /Black=0.34} 1-0

[Event "87th Spanish Championship 2022"]
[Site "Linares"]
[Date "2022.08.13"]
[Round "4.11"]
[White "Merario Alarcon, Andres"]
[Black "Cesar Maestre, Bernardo"]
[Result "1-0"]
[ECO "D25"]
[WhiteElo "2418"]
[BlackElo "2343"]
[Annotator "TA"]
[PlyCount "107"]
[EventDate "2022.08.11"]
[EventType "swiss"]
[EventCountry "ESP"]
[SourceTitle "playchess.com"]
[Source "ChessBase"]
[SourceQuality "1"]
[TimeControl "5400+30"]

1. d4 d5 2. c4 dxc4 3. Nf3 Nf6 4. e3 a6 5. Bxc4 e6 6. O-O c5 7. dxc5 Bxc5 8. Qxd8+ Kxd8 9. Ne5 $1 {[%emt 0:00:16][%mdl 4] 9.Ne5 is the modern continuation. D27: Queen's Gambit Accepted: Classical main line: 7 e4!? and 7 a4.} Ke7 10. Be2 Nbd7 11. Nc4 {[%emt 0:00:07] White is slightly better.} Nb6 {[%emt 0:07:51] [#]} (11... Re8 $14) 12. b4 $1 $16 Nxc4 13. bxc5 Na5 14. Ba3 Rd8 15. Nc3 Ke8 16. Rfd1 {[%emt 0:05:06] [#]} (16. g4 $16) 16... Bd7 $146 (16... Rxd1+ $11 17. Rxd1 e5) ({Predecessor:} 16... Rxd1+ 17. Rxd1 Bd7 18. e4 e5 19. Nd5 Rc8 20. f3 Nc6 21. Nb6 Rd8 22. Nc4 Be6 {1-0 (29) Hassenrueck,H (2117)-Kraemer,M (2216) Nordrheinwestfalen 2018}) 17. g4 {[%emt 0:03:15] White is more active.} h6 18. h4 g5 19. hxg5 hxg5 20. f4 (20. Rd6 $16) 20... gxf4 $14 21. exf4 {[%emt 0:02:15] Black must now prevent g5.} Nd5 $2 (21... Bb5 $1 $11) 22. Nxd5 $18 exd5 23. Rxd5 {[%emt 0:05:14] Re5+ is the strong threat.} Be6 24. Rd6 (24. Rh5 $18) 24... Rxd6 $14 25. cxd6 {[%emt 0:01:21] Threatens to win with f5.} Kd7 26. f5 Bd5 27. Bb4 ({Better is} 27. Rc1 $14 Nc6 28. Kf2) 27... Nc6 28. Bc5 Rh8 29. Kf2 Rh2+ 30. Ke3 f6 31. Rg1 Rh3+ 32. Kd2 Bxa2 33. g5 fxg5 (33... Na5 $5 34. Bg4 Nc4+ 35. Ke1 Rb3 $11) 34. Rxg5 Ne5 35. f6 Nf7 36. Bg4+ Kc6 $1 37. Bxh3 {[%emt 0:05:51] A strong pair of Bishops.} Nxg5 $11 {[%emt 0:00:05][%mdl 4096] Endgame KBB-KBN} 38. d7 Nf7 39. Be7 Kc7 {[%emt 0:00:06] Inhibits d8N.} 40. Kc3 b6 41. Kd4 Bb3 42. Bf5 a5 43. Kc3 Bd5 44. Bh3 Ba2 45. Kd4 Bb3 46. Kc3 Bd5 47. Bf5 Ba2 48. Ba3 Bd5 49. Bc1 Bc6 $2 {[%emt 0:02:45] [#]} ({Black should play} 49... Nd8 $11) 50. Bf4+ $1 $16 Kd8 $2 (50... Kb7 $16 51. Kd4 (51. Bg6 Nd8 $16) 51... a4) 51. Be6 $18 Nh8 52. Bg5 {[%emt 0:00:34] White mates.} ({Not} 52. f7 Nxf7 53. Bxf7 Kxd7 $14) 52... Kc7 53. d8=Q+ ({Less strong is} 53. f7 Nxf7 54. Bf4+ (54. Bxf7 Kxd7 55. Bh5 a4 $14) 54... Kd8 $14) 53... Kxd8 54. f7+ {[%emt 0:00:03] Weighted Error Value: White=0.19 (very precise) /Black=0.30} 1-0

[Event "87th Spanish Championship 2022"]
[Site "Linares"]
[Date "2022.08.13"]
[Round "4.12"]
[White "Carbonell Sancho, Marc"]
[Black "Ladron De Guevara Pinto, Paolo"]
[Result "1/2-1/2"]
[ECO "B56"]
[WhiteElo "2284"]
[BlackElo "2444"]
[Annotator "TA"]
[PlyCount "65"]
[EventDate "2022.08.11"]
[EventType "swiss"]
[EventCountry "ESP"]
[SourceTitle "playchess.com"]
[Source "ChessBase"]
[SourceQuality "1"]
[TimeControl "5400+30"]

1. e4 c5 2. Nf3 d6 3. d4 cxd4 4. Nxd4 Nf6 5. Nc3 e5 6. Bb5+ Nbd7 7. Nf5 a6 8. Bxd7+ Qxd7 9. Bg5 Nxe4 10. Nxg7+ Bxg7 11. Nxe4 O-O 12. Qxd6 f6 {[%emt 0:06:45] [#] ...Qxd6 is the strong threat. B56: Classical Sicilian: Unusual Lines.} 13. Qxd7 {[%emt 0:07:16] has lost popularity (13.Be3).} (13. Be3 {seems wilder.} Qg4 14. Nc5 Qb4+ 15. Qd2) 13... Bxd7 14. Be3 Bf5 {[%emt 0:34:59] White is slightly better.} 15. f3 Bxe4 16. fxe4 Rac8 17. c3 Rc4 18. Kf2 Rxe4 {[%emt 0:00:07] [#]} 19. b3 $146 (19. g3 $14) ({Predecessor:} 19. Rad1 f5 20. Rd7 b5 21. Rhd1 b4 22. Bc5 bxc3 23. Bxf8 c2 24. Rc1 Bxf8 25. Rxc2 {1-0 (34) Ciornei,D (2077)-Holtel,J (2003) Germany 2015}) 19... Rg4 20. Rad1 f5 21. g3 Rg6 (21... b5 $11) 22. c4 $1 $14 h5 23. c5 {[%emt 0:02:36] White is more active.} (23. Rd7 $14) 23... Rf7 {[%emt 0:08:05] The position is equal.} 24. b4 h4 25. Rd8+ Kh7 26. Rc1 f4 27. gxf4 Bh6 28. Rc4 h3 29. Kf3 Rg2 30. Rd2 Bxf4 (30... exf4 $5 31. Bf2 Rxh2 $11) 31. Rxg2 hxg2 32. Bg1 Bxh2+ 33. Ke4 $2 {[%mdl 40960] Weighted Error Value: White=0.09 (flawless) /Black=0.07 (flawless) . An unexpected result.} (33. Kxg2 $11 Bxg1 34. Kxg1) 1/2-1/2

[Event "87th Spanish Championship 2022"]
[Site "Linares"]
[Date "2022.08.13"]
[Round "4.13"]
[White "Massanet Massanet, Sebastian"]
[Black "Bernabeu Lopez, Carlos Javier"]
[Result "0-1"]
[ECO "C45"]
[WhiteElo "2232"]
[BlackElo "2421"]
[Annotator "TA"]
[PlyCount "114"]
[EventDate "2022.08.11"]
[EventType "swiss"]
[EventCountry "ESP"]
[SourceTitle "playchess.com"]
[Source "ChessBase"]
[SourceQuality "1"]
[TimeControl "5400+30"]

1. e4 e5 2. Nf3 Nc6 3. d4 exd4 4. Nxd4 Nf6 5. Nxc6 bxc6 6. e5 Qe7 7. Qe2 Nd5 8. c4 Ba6 9. b3 Qh4 10. Bb2 Bb4+ 11. Nd2 Nc3 $1 {[%emt 0:00:04] C45: Scotch Game.} 12. Qe3 Ne4 {[%emt 0:01:02] [#]} 13. g3 $1 Qg4 {[%emt 0:00:16] [#] The position is equal.} 14. f3 $1 Bxd2+ {[%emt 0:01:52] [#]} 15. Qxd2 $1 Qxf3 16. Qg2 {[%emt 0:02:31] [#]} Qe3+ $146 ({Predecessor:} 16... Ng5 17. Qxf3 Nxf3+ 18. Kf2 Ng5 19. Bg2 Bb7 20. Rad1 O-O-O 21. Rhf1 Rhe8 22. Kg1 Re7 {½-½ (30) Sanchez,M (2404)-Carvalho,L (2152) ICCF email 2012}) 17. Qe2 Qxe2+ 18. Bxe2 Bb7 19. Rd1 (19. Rf1 $142) 19... c5 (19... h5 $142 $1) 20. Rf1 (20. O-O $142) 20... Bc6 (20... h5 $5 ) 21. Ba3 (21. e6 $11 fxe6 22. Bh5+ (22. Bxg7 Rg8 $11) 22... Kd8 23. Rf7) 21... O-O $15 22. Bf3 Rfe8 23. Bb2 Rad8 24. Ke2 Ng5 25. Bxc6 dxc6 26. Ke3 Ne6 27. Ke4 Kf8 28. h4 h5 29. Bc3 Ke7 30. Bb2 Rxd1 {[%emt 0:14:40] Really sharp!} 31. Rxd1 {[%emt 0:00:06][%mdl 4096] Endgame KRB-KRN} g5 32. hxg5 Nxg5+ 33. Kf5 Ne6 {[%emt 0:00:06] Strongly threatening ...Rg8.} 34. g4 Rg8 35. gxh5 Rg5+ 36. Ke4 Rxh5 37. Rd2 {[%emt 0:00:11] Prevents Rh2.} Nf8 38. Rf2 Nd7 39. Rg2 Rh8 40. Kf5 Rh1 41. Bc3 Nf8 42. Rf2 Ne6 43. Ba5 {[%emt 0:02:25] [#]} (43. Bd2 $11) 43... Rh4 $1 $17 44. Bc3 Nd4+ 45. Bxd4 (45. Kg5 $17 {is the only way for White.} Re4 46. Bxd4 cxd4 47. Kf5) 45... cxd4 {[%emt 0:00:06] KR-KR} 46. Kg5 Rh3 ({Better is} 46... Rh1 $19 {Threatens to win with ...Ke6.} 47. Kf5 Rh4) 47. c5 $2 {[%emt 0:00:45][%mdl 8192] Now White is beyond hope.} (47. Kf5 $17) 47... Ke6 $19 48. Kg4 (48. Kf4 $142 Re3 49. Rh2) 48... Re3 49. Rf6+ Kxe5 50. Rxf7 d3 51. Rd7 Re4+ 52. Kf3 Rd4 53. Re7+ {[%emt 0:00:27] [#]} Kf5 $1 {[%emt 0:01:50] ( -> ...d2)} 54. Ke3 d2 55. Kxd4 d1=Q+ 56. Kc3 Qc1+ 57. Kb4 a5+ {[%emt 0:00:20] Weighted Error Value: White=0.77/Black=0.23 (precise)} 0-1

[Event "87th Spanish Championship 2022"]
[Site "Linares"]
[Date "2022.08.13"]
[Round "4.14"]
[White "Lianes Garcia, Marcos"]
[Black "Gonzalez Guedes, Iyan"]
[Result "1/2-1/2"]
[ECO "B92"]
[WhiteElo "2411"]
[BlackElo "2250"]
[Annotator "TA"]
[PlyCount "140"]
[EventDate "2022.08.11"]
[EventType "swiss"]
[EventCountry "ESP"]
[SourceTitle "playchess.com"]
[Source "ChessBase"]
[SourceQuality "1"]
[TimeControl "5400+30"]

1. e4 c5 2. Nf3 d6 3. d4 cxd4 4. Nxd4 Nf6 5. Nc3 a6 6. Be2 e5 7. Nb3 Be7 8. h4 {[%emt 0:00:31] B92: Sicilian Najdorf: 6 Be2.} Be6 9. f4 exf4 10. Bxf4 Nc6 11. Qd2 Rc8 12. O-O-O Ne5 13. Qe3 {[%emt 0:00:44] [#]} Qc7 $146 ({Predecessor:} 13... Nfd7 14. Qg3 O-O 15. h5 Kh8 16. Rhf1 b5 17. Kb1 Qc7 18. Nd4 Rfe8 19. Bc1 Bf8 {½-½ (80) Plazuelo Pascual,J (2448)-Vignesh,N (2427) Seville 2022}) 14. Nd4 b5 15. a3 Qa5 16. Nxe6 fxe6 17. Kb1 (17. Rhf1 $5 ) 17... b4 18. axb4 Qxb4 19. Rd4 Qb7 {[%emt 0:09:34] [#]} (19... Nc4 $1 $11 20. Rxc4 Rxc4) 20. Ra4 ({White should play} 20. Qh3 $1 $16) 20... Rc6 $11 ({Not} 20... Rb8 21. b3 $16) 21. Qh3 $36 {[%emt 0:06:57][%cal Oh3e6][%mdl 2048] White has some pressure.} Qc8 22. g4 {[%emt 0:02:49][%cal Bg2g4,Bg4g5][%mdl 32] aiming for g5.} O-O (22... Nfd7 $1 $14) 23. g5 $18 Ne8 24. Bd2 Nc7 25. Rf1 Qd7 26. Rxf8+ Bxf8 27. Ra5 (27. Rb4 $142) 27... g6 $16 28. Qe3 Bg7 29. Qa7 (29. Ra4 $16) 29... Qc8 30. Ra4 {[%emt 0:02:36] White is more active.} Nb5 (30... Nd7 $142) 31. Nxb5 (31. Bxb5 $16 axb5 32. Nxb5) 31... axb5 $14 32. Bxb5 Rxc2 33. Qa8 Rc5 34. Bc3 {[%emt 0:01:43] A strong pair of Bishops.} Qxa8 (34... h6 $14) 35. Rxa8+ $16 Bf8 36. Be2 Rc7 37. Bxe5 (37. Bb4 $16 {Threatens to win with Bxd6.} Rc6 38. Ba5) 37... dxe5 {[%emt 0:00:08][%mdl 4096] Endgame KRB-KRB} 38. Ra6 Kf7 39. Bg4 h6 40. Bxe6+ Kg7 41. gxh6+ Kxh6 42. Bg4 Kg7 43. h5 gxh5 44. Bxh5 Bc5 45. Be2 Bd4 46. b3 Kf7 47. Bc4+ Ke7 48. Kc2 Ra7 49. Rh6 Kd7 50. b4 Ra3 51. Bb3 Kc7 52. Rg6 Kb7 53. b5 Ra7 54. Bd5+ Kc7 55. Kb3 Ra1 56. Kb4 {[%emt 0:01:34][%cal Ob5b6] [#] And now b6+! would win.} Rb1+ 57. Bb3 Rb2 58. Rc6+ Kb7 59. Rc1 Kb6 60. Ka4 Bc5 61. Rh1 Rd2 {[%emt 0:00:24] Hoping for ...Rd4+.} 62. Bc4 Rd4 63. Rh6+ Rd6 (63... Bd6 $5 64. Kb3 Kc5 $11) 64. Rh5 Rd4 65. Kb3 Bd6 66. Rh8 Rxe4 {[%emt 0:00:34] The position is equal.} 67. Rc8 Bc7 68. Ra8 {[%emt 0:00:31] Ra6+ is the strong threat.} Rd4 (68... Kc5 $5 69. Rc8 Re3+ 70. Kc2 (70. Ka4 Kb6 $11) 70... Kd6 $11) 69. Ra6+ Kb7 70. Re6 Rd6 {[%emt 0:00:27] Weighted Error Value: White=0.11 (very precise) /Black=0.17 (very precise)} 1/2-1/2